 Dungeon Crawl Stone Soup version 0.30-a0-161-gdd60e06945 (webtiles) character file.

Game seed: 17661456294120767450

5730 qw the Cleaver (level 10, 0/64 HPs)
             Began as a Gargoyle Fighter on Sept 27, 2022.
             Was a Believer of Okawaru.
             Slain by a hell rat (7 damage)
             ... on level 11 of the Dungeon.
             The game lasted 00:04:03 (11053 turns).

qw the Cleaver (Gargoyle Fighter)                  Turns: 11053, Time: 00:04:03

Health: 0/64       AC: 32    Str: 27    XL:     10   Next: 77%
Magic:  11/13      EV: 13    Int:  9    God:    Okawaru [**....]
Gold:   585        SH:  6    Dex:  8    Spells: 9/9 levels left

rFire   . . .      SeeInvis .    Y - +0 war axe (drain)
rCold   . . .      Faith    .    c - +0 buckler
rNeg    + . .      Spirit   .    i - +0 plate armour
rPois   inf        Reflect  .    b - +2 hat
rElec   +          Harm     .    n - +0 cloak
rCorr   .          Rampage  .    (no gloves)
Will    +....                    r - +0 pair of boots
Stlth   ..........               (no amulet)
HPRegen 0.20/turn                o - +4 ring of protection
MPRegen 0.13/turn                q - +4 ring of evasion

@: heroic, flying
A: sickness immunity, AC +7, negative energy resistance 1, electricity
resistance, torment resistance 1, petrification resistance, big wings, hooves 1,
strong-willed 1, strong 1, noise suppression
a: Renounce Religion, Heroism


You were on level 11 of the Dungeon.
You worshipped Okawaru.
Okawaru was pleased with you.
You visited 2 branches of the dungeon, and saw 12 of its levels.

You collected 585 gold pieces.


Innate Abilities, Weirdness & Mutations

You are immune to sickness and miasma.
Your stone body is resilient. (AC +7)
You are immune to poison.
You resist negative energy. (rN+)
You are resistant to electric shocks. (rElec)
You are resistant to unholy torment.
You are immune to petrification.
Your large and strong wings let you fly.
You have large cloven feet.
You are strong-willed. (Will+)
Your muscles are strong. (Str +4, Int/Dex -1)
You passively dampen the noise of your surroundings.


   Skills:
 - Level 8.0(13.0) Fighting
 + Level 10.2(15.2) Axes
 - Level 3.0(8.0) Throwing
 - Level 7.7(12.7) Armour
 - Level 1.3(6.3) Dodging
 - Level 5.0(10.0) Shields
 - Level 4.0 Invocations


You had 9 spell levels left.
You didn't know any spells.
Your spell library was empty.

Inventory:

Hand Weapons
 k - a +0 flail
 Y - a +0 war axe of draining (weapon)
Missiles
 p - 4 javelins (quivered)
Armour
 b - a +2 hat (worn)
 c - a +0 buckler (worn)
 h - a +1 chain mail of fire resistance
 i - a +0 plate armour (worn)
 n - a +0 cloak (worn)
 r - a +0 pair of boots (worn)
Jewellery
 g - a ring of protection from fire
 l - a ring of ice
 o - a +4 ring of protection (left hand)
 q - a +4 ring of evasion (right hand)
Scrolls
 s - 2 scrolls of identify
Potions
 d - 5 potions of might
 e - a potion of magic
 f - 11 potions of curing
 j - 2 potions of attraction
 m - 2 potions of lignification
 t - a potion of haste
 u - a potion of resistance

Dungeon Overview and Level Annotations

Branches:
Dungeon (11/15)            Temple (1/1) D:7            Lair (0/5) D:11
    Orc (0/2) D:9

Altars:
Ashenzari
Cheibriados
Dithmenos
Elyvilon
Fedhas
Gozag
Hepliaklqana
Kikubaaqudgha
Makhleb
Nemelex Xobeh
Okawaru
Qazlal
Ru
Sif Muna
Trog
Uskayaw
Vehumet
Wu Jian
Xom
Yredelemnul
Zin
The Shining One

Annotations:
D:2 1 runed translucent door, Crazy Yiuf
D:9 3 runed translucent doors, qw's ghost, novice GrFi


Message History

The death yak is almost dead.
You closely miss the hell rat. The death yak barely misses you.
The hell rat completely misses you.
You hit the death yak but do no damage. You drain the death yak.
The death yak is almost dead.
You barely miss the hell rat.
You feel like a meek peon again. The hell rat bites you!
11047 ||| INVOKING Heroism.
You gain the combat prowess of a mighty hero.
Your surroundings suddenly seem different.
The death yak snorts and paws the ground.
Throw: 5 javelins
Press: ? - help, Q - select action Shift-Dir - straight line, f - kobold You throw a javelin.
The javelin barely misses the kobold.
The javelin pierces through the troll!!
The troll is severely wounded.
The javelin closely misses the orc.
The javelin pierces through the orc!
You kill the orc!
Okawaru accepts your kill.
You hit the howler monkey.
The howler monkey is moderately wounded.
You slash the kobold!
You kill the kobold!
The howler monkey barely misses you.
You slice the howler monkey!!
You kill the howler monkey!
Okawaru accepts your kill.
You hit the hell rat but do no damage.
The hell rat bites you but does no damage.
You slice the troll!!
You kill the troll!
Okawaru accepts your kill.
The troll leather armour is intact enough to wear.
You closely miss the hell rat. You slash the orc!
You kill the orc!
Okawaru accepts your kill. The hell rat bites you!
You die...

#............###
######..######.#
#.........# #.#
..####..#>####.
#####.)#...##.#
#......)).#.#...
#.#####.#.#.#...
...#(#
#..[######
#.#.#(#
#.Yr@....#
...#.#)#
#.o)####.# #..
###)...Y.# #.
..(...W.. ##
###.......
........
........
#......# ....>..


You could see 2 death yaks, a wraith, a hell rat and an orc.

Vanquished Creatures
  A death yak (D:11)
  A troll (D:11)
  2 hornets
  A wraith (D:7)
  A steam dragon (D:8)
  An acid dragon (D:9)
  2 orc warriors
  An ice beast (D:7)
  2 centaurs (D:9)
  2 ogres
  A phantom (D:4)
  3 kobold brigands
  A gnoll sergeant (D:9)
  2 elf zombies (D:8)
  2 necrophages
  3 bullfrogs
  19 wights
  12 killer bees
  2 howler monkeys
  9 electric eels (D:10)
  A hound (D:5)
  3 jellies (D:6)
  2 gnoll boudas
  5 orc priests
  13 orc wizards
  An iguana (D:5)
  15 gnolls
  9 adders
  A shadow imp (D:5)
  A white imp (D:7)
  3 ufetubi
  A worm (D:3)
  A dart slug (D:2)
  25 orcs
  14 ball pythons
  4 bats
  10 endoplasms
  4 giant cockroaches (D:1)
  8 goblins
  7 hobgoblins
  5 quokkas
  3 frilled lizards
  21 kobolds
  4 orc skeletons (D:8)
  3 rats
232 creatures vanquished.

Vanquished Creatures (others)
  7 fungi (D:9)
7 creatures vanquished.

Grand Total: 239 creatures vanquished

Notes
Turn   | Place    | Note
-------+----------+-------------------------------------------
     0 | D:1      | qw the Gargoyle Fighter began the quest for the Orb.
     0 | D:1      | Reached XP level 1. HP: 14/14 MP: 1/1
     0 | D:1      | 0 ||| qw: Version: 0.2-a-10-g37ed214
     0 | D:1      | 0 ||| qw: Game counter: 629
     0 | D:1      | 0 ||| qw: Always use a shield: true
     0 | D:1      | 0 ||| qw: God list: Okawaru
     0 | D:1      | 0 ||| qw: Allow faded altars: false
     0 | D:1      | 0 ||| qw: Do Orc after D:15 true
     0 | D:1      | 0 ||| qw: Do second Lair branch before Depths: true
     0 | D:1      | 0 ||| qw: Lair rune preference: random
     0 | D:1      | 0 ||| qw: Plans: Normal, Zot:1-4, God:TSO, Crypt, Tomb,
                  | Pan, Slime:5, Hells, Abyss, Orb
     0 | D:1      | 0 ||| PLANNING D:1-11
    46 | D:1      | Reached skill level 2 in Axes
   255 | D:1      | 255 ||| Stepping ~*~*~tactically~*~*~ (stealth).
   267 | D:1      | Reached XP level 2. HP: 8/19 MP: 2/2
   290 | D:1      | 290 ||| Stepping ~*~*~tactically~*~*~ (stealth).
   453 | D:1      | Found a faded altar of an unknown god.
   733 | D:1      | Reached skill level 3 in Axes
   740 | D:1      | Reached XP level 3. HP: 23/23 MP: 3/3
   782 | D:1      | 782 ||| Stepping ~*~*~tactically~*~*~ (stealth).
   783 | D:1      | 783 ||| Stepping ~*~*~tactically~*~*~ (stealth).
   811 | D:1      | 811 ||| Stepping ~*~*~tactically~*~*~ (stealth).
   819 | D:1      | 819 ||| Stepping ~*~*~tactically~*~*~ (stealth).
   911 | D:1      | 911 ||| DROPPING +0 club.
   991 | D:1      | 991 ||| Stepping ~*~*~tactically~*~*~ (stealth).
   992 | D:1      | 992 ||| Stepping ~*~*~tactically~*~*~ (stealth).
  1004 | D:1      | 1004 ||| Stepping ~*~*~tactically~*~*~ (stealth).
  1006 | D:1      | 1006 ||| Stepping ~*~*~tactically~*~*~ (stealth).
  1156 | D:1      | 1156 ||| DROPPING +0 whip.
  1293 | D:1      | 1293 ||| UPGRADING to +0 chain mail.
  1303 | D:1      | 1303 ||| DROPPING +0 scale mail.
  1304 | D:1      | 1304 ||| UPGRADING to +0 cloak.
  1309 | D:1      | 1309 ||| READING scroll labelled YJUIXZAZUF.
  1310 | D:1      | 1310 ||| READING scroll labelled ICSIRCH EFUJ.
  1311 | D:1      | 1311 ||| READING scroll labelled YDWAXO DOYRU.
  1316 | D:1      | 1316 ||| READING scroll labelled OZUEMP YRUBO.
  1317 | D:1      | 1317 ||| DRINKING 3 emerald potions.
  1445 | D:2      | Found a runed translucent door.
  1446 | D:2      | Noticed Crazy Yiuf
  1525 | D:2      | Reached XP level 4. HP: 28/28 MP: 4/4
  1633 | D:2      | Reached skill level 4 in Axes
  1682 | D:2      | 1682 ||| Stepping ~*~*~tactically~*~*~ (stealth).
  1829 | D:2      | 1829 ||| DROPPING ring of magical power.
  1830 | D:2      | 1830 ||| READING scroll labelled BACKUE NIADA.
  1831 | D:2      | 1831 ||| READING scroll labelled LOUVOXU LIU.
  1932 | D:2      | 1932 ||| DRINKING 2 orange potions.
  1932 | D:2      | Gained mutation: You are frail. (-10% HP) [potion of
                  | mutation]
  1932 | D:2      | Gained mutation: Your movements are slightly less
                  | encumbered by armour. (ER -2) [potion of mutation]
  1933 | D:2      | 1933 ||| DRINKING potion of mutation.
  1933 | D:2      | Lost mutation: You are frail. (-10% HP) [potion of
                  | mutation]
  1933 | D:2      | Lost mutation: Your movements are slightly less encumbered
                  | by armour. (ER -2) [potion of mutation]
  1933 | D:2      | Gained mutation: You have hidden genetic potential. [potion
                  | of mutation]
  1933 | D:2      | Gained mutation: You passively dampen the noise of your
                  | surroundings. [potion of mutation]
  1933 | D:2      | Gained mutation: You have large cloven feet. [potion of
                  | mutation]
  1933 | D:2      | Gained mutation: Your large and strong wings let you fly.
                  | [potion of mutation]
  1956 | D:2      | 1956 ||| DRINKING 2 metallic golden potions.
  2046 | D:3      | 2046 ||| Stepping ~*~*~tactically~*~*~ (stealth).
  2151 | D:3      | You are sucked into a shaft and drop 2 floors!
  2151 | D:5      | Entered Level 5 of the Dungeon
  2177 | D:5      | 2177 ||| Stepping ~*~*~tactically~*~*~ (hiding).
  2192 | D:5      | Reached XP level 5. HP: 27/32 MP: 5/5
  2336 | D:5      | 2336 ||| UPGRADING to +2 hat.
  2371 | D:4      | 2371 ||| Stepping ~*~*~tactically~*~*~ (stealth).
  2384 | D:4      | Gained mutation: You are strong-willed. (Will+) [hidden
                  | potential]
  2741 | D:3      | 2741 ||| FLEEEEING.
  2742 | D:3      | 2742 ||| FLEEEEING.
  2743 | D:3      | 2743 ||| FLEEEEING.
  2744 | D:3      | 2744 ||| FLEEEEING.
  2745 | D:3      | 2745 ||| FLEEEEING.
  2746 | D:3      | 2746 ||| FLEEEEING.
  2747 | D:3      | 2747 ||| FLEEEEING.
  2751 | D:3      | 2751 ||| FLEEEEING.
  2758 | D:3      | 2758 ||| FLEEEEING.
  2759 | D:3      | 2759 ||| FLEEEEING.
  2760 | D:3      | 2760 ||| STAIRDANCE
  2831 | D:2      | 2831 ||| UPGRADING to +1 chain mail of fire resistance.
  2841 | D:2      | 2841 ||| DROPPING +0 chain mail.
  2883 | D:3      | 2883 ||| FLEEEEING.
  2884 | D:3      | 2884 ||| FLEEEEING.
  2885 | D:3      | 2885 ||| FLEEEEING.
  2886 | D:3      | 2886 ||| FLEEEEING.
  2887 | D:3      | 2887 ||| FLEEEEING.
  2888 | D:3      | 2888 ||| FLEEEEING.
  2893 | D:3      | 2893 ||| FLEEEEING.
  2894 | D:3      | 2894 ||| STAIRDANCE
  2994 | D:3      | Reached skill level 5 in Axes
  3011 | D:3      | 3011 ||| Stepping ~*~*~tactically~*~*~ (hiding).
  3023 | D:3      | Reached XP level 6. HP: 24/38 MP: 6/6
  3225 | D:3      | 3225 ||| Stepping ~*~*~tactically~*~*~ (stealth).
  3417 | D:4      | Gained mutation: Your muscles are strong. (Str +4, Int/Dex
                  | -1) [hidden potential]
  3417 | D:4      | Lost mutation: You have hidden genetic potential. [hidden
                  | potential expressed]
  3527 | D:4      | Reached skill level 6 in Axes
  3616 | D:4      | 3616 ||| Stepping ~*~*~tactically~*~*~ (stealth).
  3625 | D:4      | 3625 ||| Stepping ~*~*~tactically~*~*~ (hiding).
  3834 | D:4      | Reached XP level 7. HP: 38/43 MP: 7/7
  4119 | D:4      | 4119 ||| Stepping ~*~*~tactically~*~*~ (stealth).
  4402 | D:4      | Found a bloodstained altar of Trog.
  4403 | D:4      | 4403 ||| UPGRADING to +0 pair of boots.
  4408 | D:4      | 4408 ||| UPGRADING to +4 ring of protection.
  4409 | D:4      | 4409 ||| UPGRADING to +4 ring of evasion.
  4410 | D:4      | 4410 ||| READING scroll labelled VAUN GUMPOROW.
  4423 | D:5      | 4423 ||| Stepping ~*~*~tactically~*~*~ (hiding).
  4589 | D:5      | 4589 ||| Stepping ~*~*~tactically~*~*~ (stealth).
  4590 | D:5      | 4590 ||| Stepping ~*~*~tactically~*~*~ (stealth).
  4683 | D:5      | Found a glowing golden altar of the Shining One.
  5175 | D:5      | 5175 ||| READING scroll labelled OLALESU EXOOB.
  5176 | D:5      | 5176 ||| DRINKING 2 smoky white potions.
  5177 | D:5      | 5177 ||| DROPPING potion of brilliance.
  5339 | D:6      | Reached skill level 7 in Axes
  5357 | D:6      | Reached skill level 1 in Dodging
  5708 | D:6      | HP: 11/44 [ogre/+0 giant club (15)]
  5709 | D:6      | 5709 ||| READING 2 scrolls of teleportation.
  5710 | D:6      | 5710 ||| DRINKING 2 potions of heal wounds.
  5730 | D:6      | Reached XP level 8. HP: 44/50 MP: 8/8
  5949 | D:6      | 5949 ||| Stepping ~*~*~tactically~*~*~ (stealth).
  5953 | D:6      | 5953 ||| Stepping ~*~*~tactically~*~*~ (stealth).
  6284 | D:6      | 6284 ||| Stepping ~*~*~tactically~*~*~ (hiding).
  6285 | D:6      | 6285 ||| Stepping ~*~*~tactically~*~*~ (hiding).
  6305 | D:6      | Reached skill level 1 in Throwing
  6434 | D:6      | 6434 ||| DRINKING 2 bubbling clear potions.
  6533 | D:7      | 6533 ||| Stepping ~*~*~tactically~*~*~ (stealth).
  6535 | D:7      | 6535 ||| Stepping ~*~*~tactically~*~*~ (hiding).
  6665 | D:7      | 6665 ||| Stepping ~*~*~tactically~*~*~ (stealth).
  6666 | D:7      | 6666 ||| Stepping ~*~*~tactically~*~*~ (stealth).
  6668 | D:7      | 6668 ||| Stepping ~*~*~tactically~*~*~ (hiding).
  6670 | D:7      | 6670 ||| Stepping ~*~*~tactically~*~*~ (hiding).
  6671 | D:7      | 6671 ||| Stepping ~*~*~tactically~*~*~ (hiding).
  6861 | D:7      | Reached skill level 8 in Axes
  6876 | D:7      | 6876 ||| Stepping ~*~*~tactically~*~*~ (hiding).
  6897 | D:7      | Reached skill level 6 in Fighting
  7185 | D:7      | Found a staircase to the Ecumenical Temple.
  7186 | D:7      | 7186 ||| PLANNING TEMPLE
  7186 | D:7      | Noticed a wraith
  7187 | D:7      | 7187 ||| FLEEEEING.
  7189 | D:7      | 7189 ||| FLEEEEING.
  7191 | D:7      | 7191 ||| STAIRDANCE
  7199 | D:7      | Killed a wraith
  7200 | D:7      | 7200 ||| STAIRDANCE
  7203 | D:6      | 7203 ||| Stepping ~*~*~tactically~*~*~ (stealth).
  7204 | D:6      | 7204 ||| Stepping ~*~*~tactically~*~*~ (stealth).
  7205 | D:6      | 7205 ||| Stepping ~*~*~tactically~*~*~ (stealth).
  7208 | D:6      | 7208 ||| Stepping ~*~*~tactically~*~*~ (stealth).
  7228 | Temple   | Entered the Ecumenical Temple
  7334 | Temple   | 7334 ||| PLANNING OKAWARU WORSHIP
  7428 | Temple   | Became a worshipper of Warmaster Okawaru
  7429 | Temple   | 7429 ||| PLANNING D:1-11
  7454 | D:7      | 7454 ||| Stepping ~*~*~tactically~*~*~ (stealth).
  7457 | D:7      | Reached XP level 9. HP: 55/55 MP: 9/9
  7480 | D:7      | Reached skill level 9 in Axes
  7494 | D:7      | HP: 11/55 [killer bee (7)]
  7495 | D:7      | 7495 ||| READING 2 scrolls of teleportation.
  7496 | D:7      | 7496 ||| DRINKING potion of heal wounds.
  7866 | D:7      | Reached * piety under Okawaru
  7922 | D:7      | 7922 ||| SWAPPING to +0 war axe of draining.
  7923 | D:7      | 7923 ||| DROPPING +0 war axe.
  7948 | D:7      | Reached skill level 1 in Invocations
  8069 | D:8      | 8069 ||| PLANNING OSSUARY
  8069 | D:8      | 8069 ||| INVOKING Heroism.
  8140 | D:8      | 8140 ||| INVOKING Heroism.
  8180 | D:8      | Noticed a hornet
  8188 | D:8      | 8188 ||| INVOKING Heroism.
  8189 | D:8      | Killed a hornet
  8190 | D:8      | Reached skill level 3 in Invocations
  8398 | D:8      | 8398 ||| Stepping ~*~*~tactically~*~*~ (stealth).
  8402 | D:8      | 8402 ||| Stepping ~*~*~tactically~*~*~ (stealth).
  8407 | D:8      | 8407 ||| Stepping ~*~*~tactically~*~*~ (stealth).
  8408 | D:8      | 8408 ||| Stepping ~*~*~tactically~*~*~ (stealth).
  8410 | D:8      | 8410 ||| INVOKING Heroism.
  8741 | D:8      | Reached XP level 10. HP: 59/63 MP: 13/13
  8754 | D:8      | 8754 ||| RIP OSSUARY
  8759 | D:8      | 8759 ||| PLANNING D:1-11
  9003 | D:8      | 9003 ||| DROPPING ring of wizardry.
  9004 | D:8      | 9004 ||| READING scroll labelled DAREUSK DAONUH.
  9068 | D:8      | 9068 ||| DRINKING 3 purple potions.
  9092 | D:8      | 9092 ||| READING 4 scrolls of identify.
  9092 | D:8      | 9092 ||| IDENTIFYING metallic brown potion
  9093 | D:8      | 9093 ||| READING 3 scrolls of identify.
  9093 | D:8      | 9093 ||| IDENTIFYING murky silvery potion
  9094 | D:8      | 9094 ||| READING 2 scrolls of identify.
  9094 | D:8      | 9094 ||| IDENTIFYING fizzy grey potion
  9095 | D:8      | 9095 ||| DROPPING potion of flight.
  9111 | D:9      | 9111 ||| STAIRDANCE
  9118 | D:8      | Reached skill level 10 in Axes
  9137 | D:9      | Reached ** piety under Okawaru
  9175 | D:9      | Found a staircase to the Orcish Mines.
  9181 | D:9      | Found a runed translucent gate.
  9181 | D:9      | Found a runed translucent gate.
  9181 | D:9      | Found a runed translucent gate.
  9192 | D:9      | Noticed qw's ghost (novice GrFi)
  9218 | D:9      | 9218 ||| INVOKING Heroism.
  9442 | D:9      | 9442 ||| Stepping ~*~*~tactically~*~*~ (hiding).
  9490 | D:9      | 9490 ||| Stepping ~*~*~tactically~*~*~ (stealth).
  9492 | D:9      | 9492 ||| INVOKING Heroism.
  9498 | D:9      | Reached skill level 3 in Throwing
  9561 | D:9      | 9561 ||| Stepping ~*~*~tactically~*~*~ (hiding).
  9599 | D:9      | 9599 ||| Stepping ~*~*~tactically~*~*~ (hiding).
  9601 | D:9      | 9601 ||| Stepping ~*~*~tactically~*~*~ (hiding).
  9738 | D:9      | 9738 ||| FLEEEEING.
  9741 | D:9      | 9741 ||| FLEEEEING.
  9742 | D:9      | 9742 ||| FLEEEEING.
  9743 | D:9      | 9743 ||| FLEEEEING.
  9744 | D:9      | 9744 ||| FLEEEEING.
  9745 | D:9      | 9745 ||| FLEEEEING.
  9754 | D:9      | 9754 ||| FLEEEEING.
  9755 | D:9      | 9755 ||| FLEEEEING.
  9756 | D:9      | 9756 ||| Stepping ~*~*~tactically~*~*~ (hiding).
 10082 | D:9      | Identified the +1 leather armour "Kiucw" {Fly rElec rF+
                  | Str-2}
 10135 | D:9      | 10135 ||| UPGRADING to +0 plate armour.
 10145 | D:9      | 10145 ||| DROPPING ring of see invisible.
 10146 | D:9      | 10146 ||| READING 2 scrolls of identify.
 10146 | D:9      | 10146 ||| IDENTIFYING silvery potion
 10175 | D:10     | Entered Level 10 of the Dungeon
 10181 | D:10     | 10181 ||| INVOKING Heroism.
 10221 | D:10     | 10221 ||| INVOKING Heroism.
 10267 | D:10     | 10267 ||| INVOKING Heroism.
 10292 | D:10     | 10292 ||| INVOKING Heroism.
 10313 | D:10     | 10313 ||| INVOKING Heroism.
 10340 | D:10     | 10340 ||| INVOKING Heroism.
 10368 | D:10     | 10368 ||| INVOKING Heroism.
 10551 | D:10     | 10551 ||| INVOKING Heroism.
 10557 | D:10     | Reached skill level 6 in Armour
 10686 | D:10     | 10686 ||| INVOKING Heroism.
 10944 | D:10     | 10944 ||| READING 3 scrolls of identify.
 10944 | D:10     | 10944 ||| IDENTIFYING red potion
 10945 | D:10     | 10945 ||| DROPPING potion of berserk rage.
 10989 | D:11     | 10989 ||| Stepping ~*~*~tactically~*~*~ (stealth).
 10992 | D:11     | 10992 ||| Stepping ~*~*~tactically~*~*~ (stealth).
 11003 | D:11     | 11003 ||| Stepping ~*~*~tactically~*~*~ (stealth).
 11011 | D:11     | Noticed a death yak
 11012 | D:11     | 11012 ||| INVOKING Heroism.
 11019 | D:11     | Noticed a death yak
 11022 | D:11     | Found a staircase to the Lair.
 11022 | D:11     | Noticed a death yak
 11030 | D:11     | 11030 ||| INVOKING Heroism.
 11037 | D:11     | Killed a death yak
 11041 | D:11     | HP: 13/64 [death yak (10)]
 11042 | D:11     | 11042 ||| READING scroll of teleportation.
 11046 | D:11     | HP: 6/64 [hell rat (7)]
 11047 | D:11     | 11047 ||| INVOKING Heroism.
 11053 | D:11     | Slain by a hell rat

Levels and vault maps discovered:
D:1:      dpeg_arrival_court, layout_rooms, basic_ecumenical_altar
D:2:      layout_basic, uniq_crazy_yiuf_cottage
D:3:      layout_loops_ring
D:4:      layout_loops_corners, kennysheep_mini_moat
D:5:      layout_basic, mainiacjoe_overflow_six_doors_small
D:6:      layout_basic
D:7:      layout_loops_ring, minmay_temple_entry_wispy
D:8:      layout_cave_pools, nicolae_ossuary_entry_catacombs
D:9:      layout_loops_ring, orc_0_dummy, biasface_ghost_orc_armoury,
          kennysheep_cluttered_room, dreamdust_mushroom_princess
D:10:     layout_basic
D:11:     layout_basic, dpeg_lair_monsters
Temple:   nicolae_temple_slightly_damp_pantheon

Skill      XL: |  1  2  3  4  5  6  7  8  9 10 |
---------------+-------------------------------+-----
Axes           | 2 3 4 5 6 7 8 9 10 | 10.2
Fighting       | 4 5 6 7 8 |  8.0
Dodging        | 1 |  1.3
Throwing       | 2 3 |  3.0
Armour         | 4 5 7 |  7.7
Shields        | 4 5 |  5.0
Invocations    | 4 |  4.0

Action                   |  1- 3 |  4- 6 |  7- 9 | 10-12 || total
-------------------------+-------+-------+-------+-------++-------
Melee: War axe           |    86 |   140 |   375 |   192 ||   793
       Kick              |       |    26 |     1 |       ||    27
Throw: Javelin           |       |       |    30 |     3 ||    33
Invok: Heroism           |       |       |     4 |    14 ||    18
  Use: Scroll            |     4 |     2 |     4 |     7 ||    17
       Potion            |     1 |     3 |     4 |     1 ||     9
Armor: Scale mail        |    53 |       |       |       ||    53
       Chain mail        |     2 |    62 |   247 |    41 ||   352
       Plate armour      |       |       |       |    37 ||    37
Dodge: Dodged            |    43 |    38 |   244 |    84 ||   409
Block: Buckler           |    13 |    20 |    78 |    32 ||   143

Table legend:
 A = Non-vault XP
 B = Vault XP
 C = Vault XP percentage of total XP
 D = Non-vault monster count
 E = Vault monster count
 F = Vault count percentage of total count
                 A         B        C        D         E       F
            +---------+---------+-------+---------+---------+-------
      Total |    7502 |     988 |  11.6 |     225 |       7 |   3.0
            +---------+---------+-------+---------+---------+-------
        D:1 |      60 |       0 |   0.0 |      33 |       0 |   0.0
        D:2 |      54 |       0 |   0.0 |      11 |       0 |   0.0
        D:3 |     154 |       0 |   0.0 |      19 |       0 |   0.0
        D:4 |     320 |       0 |   0.0 |      23 |       0 |   0.0
        D:5 |     209 |       0 |   0.0 |      11 |       0 |   0.0
        D:6 |     701 |       0 |   0.0 |      19 |       0 |   0.0
        D:7 |    1897 |       0 |   0.0 |      43 |       0 |   0.0
        D:8 |    1267 |     189 |  13.0 |      17 |       6 |  26.1
        D:9 |    1477 |       0 |   0.0 |      19 |       0 |   0.0
       D:10 |     825 |       0 |   0.0 |      19 |       0 |   0.0
       D:11 |     538 |     799 |  59.8 |      11 |       1 |   8.3
            +---------+---------+-------+---------+---------+-------
